 Dungeon Sprint DCSS version 0.31-a0-965-g8a8ce12e04 (webtiles) character file.

Game seed: 8446488820567126107

15 rocky1 the Ruffian (level 2, -4/37 HPs)
             Began as a Naga Shapeshifter on Oct 27, 2023.
             Slain by a black bear (11 damage)
             ... in the Dungeon (Sprint IX: "|||||||||||||||||||||||||||||").
             The game lasted 00:00:14 (134 turns).

rocky1 the Ruffian (Naga Shapeshifter)               Turns: 134, Time: 00:00:15

Health: -4/37      AC:  1    Str: 16    XL:     2   Next: 50%
Magic:  2/2        EV:  9    Int: 10    God:
Gold:   0          SH:  0    Dex: 10    Spells: 1/1 levels left

rFire   . .          .
                       - Unarmed
rCold   . . .        (no shield)
rNeg    . . .        a - +0 animal skin
rPois   +            (helmet currently unavailable)
rElec   .            (cloak currently unavailable)
rCorr   .            (gloves currently unavailable)
SInv    +            (no barding)
Will    .....        (no amulet) Stlth
                     (no ring)
HPRegen 0.26/turn    (no ring)
MPRegen 0.08/turn

%: no teleportation
@: berserking (expiring), beast-form, quick
A: beast (slay +2), AC +0, large, see invisible, deformed body, poison
resistance, slowness 2, spit poison 1, naga tail 1
a: Spit Poison, Begin Untransformation


You were in the Dungeon.
You were a hulking beast.
You visited 1 branch

Inventory:

Armour
 a - a +0 animal skin (worn)
Talismans
 c - a beast talisman
 d - a flux talisman
Scrolls
 j - a scroll of blinking
Potions
 b - a potion of lignification
 e - a potion of curing
 f - a potion of heal wounds
 g - a potion of haste
 h - 2 potions of magic


   Skills:
 + Level 1.0 Fighting
 + Level 1.6 Dodging
 + Level 4.8 Unarmed Combat
 + Level 4.0 Shapeshifting


You had one spell level left.
You didn't know any spells.
Your spell library was empty.

Dungeon Overview and Level Annotations

Branches:
Dungeon (1/1)

Altars:


Innate Abilities, Weirdness & Mutations

You are a hulking beast.
Your limbs bulge with bestial killing power. (Slay +2)
Your serpentine skin is tough. (AC +0)
You have supernaturally acute eyesight. (SInv)
Armour fits poorly on your strangely shaped body.
Your system is resistant to poisons. (rPois)
You cover ground very slowly.
You can spit poison.
You have a snake-like lower body.


Message History

You start resting.
HP restored.
You start waiting.
Done waiting.
You open the door.
A hound, a black bear, a jackal and 2 adders come into view.
The black bear growls angrily.
The adder hisses angrily.
You barely miss the adder. The adder bites you. The adder closely misses you.
You completely miss the adder. The adder bites you.
You completely miss the adder. The adder bites you.
A red film seems to cover your vision as you go berserk!
You feel yourself moving faster!
You feel mighty! The adder closely misses you.
You hit the adder. Your punch misses the adder.
The adder is heavily wounded.
The adder closely misses you.
You completely miss the adder.
The adder is heavily wounded.
The adder barely misses you.
You punch the adder!
You kill the adder!
You have reached level 2!
Unknown command.
You punch the jackal!
You kill the jackal!
Your Shapeshifting skill increases to level 4!
You punch the black bear!
The black bear is heavily wounded.
You punch the black bear!
The black bear is almost dead.
The black bear goes berserk!
You closely miss the black bear.
The black bear is almost dead.
The black bear bites you!
* * * LOW HITPOINT WARNING * * *
The black bear barely misses you. The black bear claws you.
* * * LOW HITPOINT WARNING * * *
You barely miss the black bear.
The black bear is almost dead.
The black bear bites you!
You die... ▓▓▓▓▓▓▓▓▓▓▓▓▓▓▓▓▓▓ +...Shhh....†...<▓ ▓▓▓▓▓▓▓▓▓▓▓▓▓▓▓▓▓▓

You could see a black bear (berserk), a hound and an adder.

Vanquished Creatures
  An adder (D)
  An endoplasm (D)
  A hobgoblin (D)
  A jackal (D)
  A ball python (D)
  2 frilled lizards (D)
7 creatures vanquished.

Notes
Turn   | Place    | Note
-------+----------+-------------------------------------------
     0 | D        | rocky1 the Naga Shapeshifter began the quest for the Orb.
     0 | D        | Reached XP level 1. HP: 18/18 MP: 1/1
   122 | D        | Noticed a hound
   122 | D        | Noticed a black bear
   130 | D        | Reached XP level 2. HP: 18/25 MP: 2/2
   134 | D        | Slain by a black bear

Illustrated notes

Levels and vault maps discovered:
D:        linesprint [early_d, line_temple, items_1, d_10, items_2, lair_1,
          lair_end, items_3, orc_1, orc_end, items_4, d_15, swamp_1, shoals_1,
          snake_1, spider_1, d_20, vaults_1, items_5, swamp_end, shoals_end,
          snake_end, spider_end, vaults_end, d_27, items_6, zot_1, zot_end,
          crypt_end, forest_end, elf_end, slime_end, tomb_end, abyss_end,
          pan_hell_end]

Skill      XL: |  1  2 |
---------------+-------+-----
Unarmed Combat | 4 |  4.8
Shapeshifting  | 4 |  4.0
Fighting       | |  1.0
Dodging        | |  1.6

Action                     || total
---------------------------++-------
  Melee: Unarmed           ||    20
    Use: Potion            ||     1
 Armour: Animal skin       ||    10
  Dodge: Dodged            ||     6

Table legend: (Time is in decaauts)
 A = Elapsed time spent in this place.
 B = Non-inter-level travel time spent in this place.
 C = Inter-level travel time spent in this place.
 D = Time resting spent in this place.
 E = Time spent auto-exploring this place.
 F = Levels seen in this place.
 G = Mean time per level.
                   A        B        C        D        E       F      G
               +--------+--------+--------+--------+--------+-----+--------+
         Total |    134 |    134 |      0 |    103 |      0 |   1 |  134.0 |
       Dungeon |    134 |    134 |      0 |    103 |      0 |   1 |  134.0 |
               +--------+--------+--------+--------+--------+-----+--------+

Top non-repeatable levels by time:
       D: 134 daAuts
